AoeStats
← bumbsbomba74

Lombardia

509623285Analyzed
3v3 RM · 5d ago on Sep 27, 2026· 32m 36s· 6 players
Game mode
Random Map
Map size
Normal (6 player)
Population
200
Speed
Normal
Resources
Standard
Victory
Conquest
Starting age
Dark Age
Ending age
Imperial Age
RankedLock teamsTeams togetherTeam positionsShared explorationLock speedFull tech treeHidden civsTurbo modeCheats
Victory
Defeat
🇩🇪 Turks · Germany
1254
+12
🇩🇪 Celts · Germany
1152
+16
🇩🇪 Goths · Germany
1074
+21
🇫🇷 Saracens · France
1175
-17
🇩🇪 Inca · Germany
1174
-17
🇲🇽 Hindustanis · Mexico
1136
-15
bumbsbomba74
6:45 Loom
8:49 Feudal Age
9:44 Double-Bit Axe
9:55 Horse Collar
19:11 Castle Age
20:17 Bow Saw
22:18 Man-at-Arms
22:58 Squires
23:12 Long Swordsman
23:54 Scale Mail Armor
24:18 Gold Mining
25:07 Wheelbarrow
27:13 Hand Cart
28:25 Chain Mail Armor
28:40 Heavy Plow
29:15 Forging
34:55 Imperial Age
Panda
9:01 Loom
11:26 Feudal Age
13:25 Man-at-Arms
15:15 Horse Collar
15:42 Scale Mail Armor
17:03 Forging
16:51 Double-Bit Axe
18:39 Arson
26:27 Wheelbarrow
28:53 Castle Age
29:18 Pikeman
30:18 Chain Mail Armor
29:40 Long Swordsman
30:06 Gambesons
31:07 Heavy Plow
31:20 Bow Saw
31:50 Iron Casting
drive
9:58 Feudal Age
10:37 Loom
10:47 Double-Bit Axe
13:31 Horse Collar
15:12 Forging
15:33 Scale Barding Armor
21:50 Castle Age
20:20 Bloodlines
23:05 Bow Saw
23:17 Chain Barding Armor
23:33 Iron Casting
25:38 Wheelbarrow
25:19 Husbandry
26:37 Hand Cart
28:00 Heavy Plow
29:55 Gold Mining
29:56 Stone Mining
30:03 Town Watch
30:40 Fervor
KKUSH-PANIER
7:08 Loom
10:41 Feudal Age
11:40 Double-Bit Axe
17:16 Castle Age
25:26 Horse Collar
26:29 Stone Mining
27:44 Wheelbarrow
27:23 Fletching
27:29 Town Watch
27:43 Gold Mining
30:25 Bloodlines
spicyP
11:18 Feudal Age
9:33 Loom
16:33 Castle Age
15:04 Horse Collar
19:15 Squires
22:19 Pikeman
25:21 Arson
29:07 Fletching
29:54 Bodkin Arrow
victor_gt784
5:43 Loom
10:14 Feudal Age
17:40 Castle Age
20:50 Forging
30:00 Imperial Age
29:10 Double-Bit Axe
29:10 Horse Collar
31:14 Iron Casting
30:42 Squires
31:07 Bow Saw
31:10 Heavy Plow
32:05 Town Watch
Connection lost

Rejoining the realm…

Still unreachable

The connection could not be restored.

Session expired

The server has moved on; the page needs a fresh start.